AoeStats
← Saidkingg

Arena

506629647Analyzed
1v1 RM · 18d ago on Sep 14, 2026· 52m 55s· 2 players
Game mode
Random Map
Map size
Tiny (2 player)
Population
200
Speed
Normal
Resources
Standard
Victory
Conquest
Starting age
Dark Age
Ending age
Imperial Age
RankedLock teamsTeams togetherTeam positionsShared explorationLock speedFull tech treeHidden civsTurbo modeCheats
Victory
Defeat
🇹🇷 Burmese · Türkiye
848
+15
🇵🇱 Portuguese · Poland
835
-15
saviola90
11:34 Feudal Age
12:02 Double-Bit Axe
11:59 Horse Collar
16:32 Wheelbarrow
21:20 Castle Age
19:33 Stone Mining
20:07 Gold Mining
19:40 Man-at-Arms
22:10 Pikeman
25:16 Bow Saw
25:12 Heavy Plow
27:20 Hand Cart
32:14 Imperial Age
29:15 Elite Skirmisher
30:17 Arson
30:36 Husbandry
31:48 Bloodlines
31:02 Long Swordsman
32:24 Fletching
32:45 Forging
33:20 Conscription
35:36 Chemistry
34:33 Murder Holes
35:08 Cavalier
37:10 Two-Man Saw
38:00 Gambesons
38:52 Two-Handed Swordsman
40:02 Masonry
40:03 Fortified Wall
Saidkingg
9:20 Feudal Age
9:47 Horse Collar
14:00 Loom
18:25 Castle Age
19:31 Wheelbarrow
21:01 Hand Cart
22:23 Light Cavalry
23:10 Husbandry
23:23 Forging
23:19 Scale Barding Armor
24:28 Bloodlines
28:19 Manipur Cavalry
28:54 Gold Mining
31:21 Gold Shaft Mining
30:52 Heavy Plow
32:36 Iron Casting
32:21 Chain Barding Armor
36:35 Imperial Age
34:41 Scale Mail Armor
34:05 Pikeman
34:31 Gambesons
34:47 Squires
34:33 Arson
35:30 Stone Mining
37:20 Chain Mail Armor
36:42 Capped Ram
37:46 Conscription
38:16 Hussar
39:00 Halberdier
40:58 Blast Furnace
40:34 Plate Barding Armor
41:49 Onager
47:09 Plate Barding Armor
47:04 Plate Mail Armor
Connection lost

Rejoining the realm…

Still unreachable

The connection could not be restored.

Session expired

The server has moved on; the page needs a fresh start.